 Dungeon Crawl Stone Soup version 0.27-a0-1325-g58a489ad9e (webtiles) character file.

Game seed: 13843702470864247070

183018 night the Arsonist (level 18, 0/126 HPs)
             Began as an Octopode Venom Mage on June 24, 2021.
             Was an Initiate of Gozag.
             Succumbed to a swamp dragon's poison gas
             ... on level 4 of the Swamp on June 25, 2021.
             The game lasted 02:06:35 (46567 turns).

night the Arsonist (Octopode Venom Mage)           Turns: 46567, Time: 02:06:35

Health: 0/126      AC:  3    Str:  9    XL:     18   Next: 36%
Magic:  32/44      EV: 20    Int: 38    God:    Gozag
Gold:   2772       SH: 14    Dex: 19    Spells: 12/44 levels left

rFire    + . .     SeeInvis .   T - +8 demon trident "Rift" {distort, reach+}
rCold    + . .     Faith    .   e - +1 kite shield of Circular Logic {Int+9}
rNeg     . . .     Spirit   .   t - +2 hat {Stlth+}
rPois    .         Reflect  .   (no amulet)
rElec    .         Harm     .   x - ring of protection from cold
rCorr    +         Rampage  .   A - +6 ring of dexterity
Will     +....     Clarity  +   s - +4 ring of evasion
Stlth    +++++.....             j - +6 ring of intelligence
HPRegen  0.31/turn              p - ring of protection from fire
MPRegen  0.29/turn              N - ring of magical power
                                J - ring of resist corrosion
                                Q - ring of wizardry

@: lethally poisoned (0 -> -69), gold aura
A: almost no armour, amphibious, 8 rings, camouflage 1, gelatinous body 1,
nimble swimmer 1, tentacles, clarity
a: Renounce Religion, Potion Petition, Call Merchant, Bribe Branch


You were on level 4 of the Swamp.
You worshipped Gozag.
Gozag was most pleased with you.
You visited 5 branches of the dungeon, and saw 28 of its levels.
You visited the Abyss 1 time.
You visited 1 bazaar.

You collected 10142 gold pieces.
You spent 4324 gold pieces at shops.
You paid 3046 gold pieces to Gozag.

Inventory:

Hand Weapons
 b - a +2 whip of flaming
 i - a +0 dagger of draining
 m - a +1 whip of electrocution
 P - a +2 morningstar
 S - the +2 falchion of the Globe {holy, rCorr Str+4 Stlth+}
   (You found it on level 3 of the Lair of Beasts)

   It has been blessed by the Shining One to cause great damage to the undead
   and demons.
   It affects your strength (+4).
   It protects you from acid and corrosion.
   It makes you more stealthy.
 T - the +8 demon trident "Rift" (weapon) {distort, reach+}
   (You bought it in a shop on level 2 of the Orcish Mines)

   It warps and distorts space around it.
   Unwielding it can cause banishment or high damage.
Missiles
 d - 741 stones
 k - 84 poisoned darts (quivered)
 o - 178 sling bullets
 q - 2 datura-tipped darts
 v - 36 boomerangs
 G - 2 silver boomerangs
 I - 16 javelins
 K - 3 throwing nets
 O - 6 boomerangs of dispersal
 R - 6 silver javelins
 W - 5 curare-tipped darts
 Y - 7 atropa-tipped darts
Armour
 e - the +1 kite shield of Circular Logic (worn) {Int+9}
   (You acquired it on level 4 of the Dungeon)

   It affects your intelligence (+9).
 t - a +2 hat of stealth (worn)
Jewellery
 h - a ring of see invisible
 j - a +6 ring of intelligence (on tentacle)
 p - a ring of protection from fire (on tentacle)
 s - a +4 ring of evasion (on tentacle)
 x - a ring of protection from cold (left tentacle)
 A - a +6 ring of dexterity (right tentacle)
 H - the ring of Conversion {*Slow rF++ rC+ rCorr Int+5}
   (You found it on level 15 of the Dungeon)

   [ring of protection from cold]

   It affects your intelligence (+5).
   It greatly protects you from fire.
   It protects you from cold.
   It protects you from acid and corrosion.
   It may slow you when you take damage.
 J - a ring of resist corrosion (on tentacle)
 N - a ring of magical power (on tentacle)
 Q - a ring of wizardry (on tentacle)
 Z - a ring of fire
Wands
 C - a wand of flame (18)
 E - a wand of iceblast (30)
 F - a wand of charming (13)
 M - a wand of acid (6)
Scrolls
 n - 8 scrolls of identify
 u - a scroll of blinking
 y - 6 scrolls of teleportation
 B - 2 scrolls of brand weapon
 D - a scroll of magic mapping
 V - 3 scrolls of holy word
Potions
 a - 4 potions of haste
 c - 2 potions of ambrosia
 f - 3 potions of cancellation
 l - 4 potions of heal wounds
 r - 6 potions of brilliance
 w - 5 potions of curing
 z - 4 potions of flight
 L - 4 potions of might
 U - 2 potions of lignification
 X - a potion of berserk rage
Miscellaneous
 g - a lightning rod (4/4)


   Skills:
 + Level 12.0 Fighting
 - Level 9.3 Maces & Flails
 + Level 5.0 Polearms
 - Level 6.2 Dodging
 - Level 2.6 Stealth
 + Level 13.5 Shields
 + Level 13.9 Spellcasting
 - Level 5.0 Conjurations
 + Level 8.0 Transmutations
 * Level 14.3 Fire Magic
 - Level 11.8 Poison Magic


You had 12 spell levels left.
You knew the following spells:

 Your Spells              Type           Power      Damage    Failure   Level
a - Sting                 Tmut/Pois      100%       1d8       1%          1
b - Poisonous Vapours     Pois/Air       100%       N/A       1%          2
c - Ignite Poison         Fire/Tmut/Pois 85%        N/A       1%          3
d - Olgreb's Toxic Radia  Pois           86%        N/A       1%          4
e - Mephitic Cloud        Conj/Pois/Air  62%        N/A       1%          3
g - Ignition              Fire           47%        3d13      12%         8
h - Statue Form           Tmut/Erth      36%        N/A       19%         6
z - Fireball              Conj/Fire      39%        3d16      1%          5

Your spell library contained the following spells:

 Spells                   Type           Power      Damage    Failure   Level
 Animate Skeleton         Necr           52%        N/A       1%          1
 Foxfire                  Conj/Fire      100%       2x1d9     1%          1
 Freeze                   Ice            100%       1d11      1%          1
 Magic Dart               Conj           100%       1d8       1%          1
 Pain                     Necr           100%       1d9       1%          1
 Sandblast                Erth           52%        2d12      1%          1
 Blink                    Tloc           N/A        N/A       1%          2
 Call Imp                 Summ           26%        N/A       1%          2
 Ensorcelled Hibernation  Hex/Ice        52%        N/A       1%          2
 Passwall                 Tmut/Erth      45%        N/A       1%          2
 Searing Ray              Conj           100%       3d7       1%          2
 Slow                     Hex            26%        N/A       1%          2
 Conjure Flame            Conj/Fire      79%        6-21      1%          3
 Dazzling Flash           Conj/Hex       90%        N/A       1%          3
 Frozen Ramparts          Ice            52%        1d7       1%          3
 Inner Flame              Hex/Fire       69%        N/A       1%          3
 Ozocubu's Armour         Ice            26%        N/A       1%          3
 Spider Form              Tmut/Pois      40%        N/A       1%          3
 Stone Arrow              Conj/Erth      90%        3d12      1%          3
 Swiftness                Air            26%        N/A       1%          3
 Vampiric Draining        Necr           13%        2d7       1%          3
 Ice Form                 Ice/Tmut       54%        N/A       1%          4
 Petrify                  Tmut/Erth      54%        N/A       1%          4
 Sticky Flame             Conj/Fire      79%        2d9       1%          4
 Alistair's Intoxication  Tmut/Pois      53%        N/A       1%          5
 Bolt of Magma            Conj/Fire/Erth 33%        4d15      1%          5
 Fulminant Prism          Conj/Hex       22%        3d13      2%          4
 Hailstorm                Conj/Ice       45%        3d10      2%          4
 Iskenderun's Mystic Bla  Conj/Tloc      45%        2d10      2%          4
 Iskenderun's Battlesphe  Conj           60%        2d11      2%          5
 Animate Dead             Necr           13%        N/A       6%          4
 Leda's Liquefaction      Hex/Erth       13%        N/A       6%          4
 Passage of Golubria      Tloc           N/A        N/A       6%          4
 Summon Ice Beast         Ice/Summ       26%        N/A       6%          4
 Lightning Bolt           Conj/Air       22%        1d38      6%          5
 Freezing Cloud           Conj/Ice/Air   19%        6-21      9%          5
 Agony                    Necr           26%        N/A       17%         5
 Borgnjor's Vile Clutch   Necr/Erth      13%        N/A       17%         5
 Lee's Rapid Deconstruct  Erth           13%        3d10*     17%         5
 Metabolic Englaciation   Hex/Ice        13%        N/A       17%         5
 Silence                  Hex/Air        13%        N/A       17%         5
 Dragon Form              Tmut           36%        N/A       21%         7
 Iron Shot                Conj/Erth      22%        9d5       32%         6
 Orb of Destruction       Conj           30%        9d11      52%         7
 Invisibility             Hex            13%        N/A       65%         6
 Shadow Creatures         Summ           N/A        N/A       65%         6
 Simulacrum               Ice/Necr       13%        N/A       65%         6
 Storm Form               Tmut/Air       27%        N/A       67%         7
 Spellforged Servitor     Conj/Summ      22%        N/A       86%         7
 Ozocubu's Refrigeration  Ice            13%        4d7       99%         7
 Shatter                  Erth           13%        3d13*     100%        9
 Animate Armour           Summ/Erth      Unusable   N/A       N/A         4

Dungeon Overview and Level Annotations

Branches:
Dungeon (15/15)            Temple (1/1) D:4            Lair (6/6) D:10
  Swamp (4/4) Lair:4        Snake (0/4) Lair:4        Slime (0/5) Lair:6
    Orc (2/2) D:10            Elf (0/3) Orc:2        Vaults (0/5) D:14
 Depths (0/5) D:15

Altars:
Ashenzari
Cheibriados
Dithmenos
Elyvilon
Fedhas
Gozag
Hepliaklqana
Kikubaaqudgha
Makhleb
Nemelex Xobeh
Okawaru
Qazlal
Ru
Sif Muna
Trog
Uskayaw
Vehumet
Wu Jian
Xom
Yredelemnul
Zin
The Shining One
Beogh
Jiyva

Shops:
D:9 ==:   D:14 ??   D:15 *(   Orc:2 ((!([[=

Portals:
Abyss: D:15

Annotations:
D:9 1 runed translucent door, night's ghost, journeyman DsIE
D:11 2 transporters, sanka's ghost, journeyman OpMo
D:14 1 runed translucent door, Roxanne
D:15 1 transporter, Lautuvuj's ghost, journeyman DrBe
Lair:3 2 transporters, ipx's ghost, journeyman DEFE
Lair:6 4 runed translucent doors, Rayvis's ghost, journeyman MiFi
Orc:1 2 transporters, Vicheoji's ghost, journeyman DjVM


Innate Abilities, Weirdness & Mutations

You cannot wear most types of armour.
You are amphibious.
You can wear up to eight rings at the same time.
Your skin changes colour to match your surroundings (Stealth+).
Your rubbery body absorbs attacks. (AC +1, EV +1)
You are camouflaged near water. (Stealth+)
You have tentacles for arms and can constrict up to eight enemies at once.
You possess an exceptional clarity of mind.


Message History

You are engulfed in poison gas.
You are more poisoned.
You feel extremely sick.
The briar patch crumbles away.
The swamp dragon breathes poison at you.
The blast of poison misses you.
You are too injured to fight recklessly!
Reach: T) +8 demon trident "Rift" {distort, reach+}
Press: ? - help, Dir - move target, f/p - swamp dragon
Aim: a swamp dragon (heavily wounded, catching its breath, about 19% to evade the +8 demon trident "Rift")
You closely miss the swamp dragon.
The swamp dragon is heavily wounded.
You are engulfed in poison gas.
You are more poisoned.
You feel extremely sick.
Reach: T) +8 demon trident "Rift" {distort, reach+}
Press: ? - help, Dir - move target, f/p - swamp dragon
Aim: a swamp dragon (poison gas, heavily wounded, catching its breath, about 19% to evade the +8 demon trident "Rift")
You puncture the swamp dragon!
The swamp dragon is severely wounded.
You are engulfed in poison gas.
You are more poisoned.
* * * LOW HITPOINT WARNING * * *
You feel extremely sick.
You barely miss the swamp dragon. You squeeze the swamp dragon.
The swamp dragon is severely wounded.
You are engulfed in poison gas.
You are more poisoned.
* * * LOW HITPOINT WARNING * * *
x2 You feel extremely sick.
The swamp dragon closely misses you. You block the swamp dragon's attack.
The swamp dragon misses you.
You puncture the swamp dragon!
Space bends around the swamp dragon.
You squeeze the swamp dragon, but do no damage.
The swamp dragon is almost dead.
You are engulfed in poison gas.
You are more poisoned.
* * * LOW HITPOINT WARNING * * *
You die...
Your body crumbles into a pile of gold.

##.≈P## ♣≈.< #.≈.# ♣..♣
##≈≈.#### ♣♣♣♣ ♣♣♣≈.≈$≈≈≈#
♣≈.. .♣♣≈......≈≈♣♣♣♣
♣♣..≈ ≈..≈≈........≈♣♣.♣♣
♣.≈≈≈ ..≈...≈≈.°≈≈..≈≈≈≈♣
♣.≈≈§ .≈♣...≈.≈D.§....§≈♣
♣≈≈§
.≈....^..@≈..≈...≈♣♣♣♣♣.≈≈
♣.≈≈≈..$.≈.....≈.≈.♣≈♣♣♣≈.
♣♣≈.♣.≈.....≈≈...≈≈≈≈≈♣♣♣.
♣♣♣♣♣§♣.........≈≈..≈≈≈≈.
♣♣♣...≈...≈).≈)≈.≈≈§.
♣§PP♣P♣P♣≈≈.≈§≈≈≈...
♣♣P♣♣♣♣♣♣♣♣≈.≈≈≈≈≈≈. ♣♣
♣♣♣≈≈.≈≈≈. ♣♣♣♣♣§♣♣


You could see a swamp dragon (catching breath).

Vanquished Creatures
  Mara (Swamp:3)
  Jorgrun (D:14)
  A tentacled monstrosity (D:15)
  Gastronok (Orc:1)
  5 thorn hunters
  Agnes (D:14)
  A fire giant (D:15)
  An orc warlord (Orc:1)
  Nessos (D:15)
  2 bunyips (Swamp:1)
  5 eleionomae
  An ettin (Orc:1)
  2 shambling mangroves (Swamp:3)
  Fannar (D:10)
  Harold (D:9)
  Erolcha (D:10)
  A ghost crab (Swamp:2)
  A vault guard (D:14)
  21 hydras
  A spriggan air mage (Swamp:3)
  2 boulder beetles
  4 rakshasas (D:15)
  Erica (D:8)
  6 ogre magi
  4 catoblepae
  8 alligators
  3 centaur warriors
  23 two-headed ogres
  15 death yaks
  4 tengu warriors (D:15)
  Urug (D:10)
  A thrashing horror (D:15)
  2 spriggan berserkers
  10 spriggans
  5 skeletal warriors
  5 goliath frogs
  4 spriggan druids
  6 wizards
  6 bog bodies
  12 swamp dragons
  An orc knight (Orc:1)
  4 deep elf pyromancers
  5 will-o-the-wisps
  A cyclops (D:13)
  4 orc sorcerers
  4 harpies (D:14)
  10 ugly things
  6 manticores
  3 slime creatures (D:15)
  16 elephants
  Maurice (Orc:2)
  3 black mambas
  Joseph (D:7)
  3 gargoyles
  13 cane toads
  A hellion (D:15)
  A rime drake (shapeshifter) (D:15)
  An unseen horror (D:11)
  14 komodo dragons
  A yaktaur (D:14)
  A rime drake (Lair:4)
  2 efreet
  4 bloated husks
  A polar bear (Lair:2)
  6 tyrant leeches
  4 trolls
  13 hornets
  A merfolk (shapeshifter) (D:14)
  A meliai zombie (D:11)
  4 dream sheep (Lair:3)
  9 blink frogs
  2 shadows (D:10)
  A wraith (D:12)
  20 humans (D:14)
  47 yaks
  5 wyverns
  6 basilisks
  6 vampire mosquitoes
  4 nagas (Lair:4)
  4 wargs
  2 acid dragons
  10 swamp worms
  17 water moccasins
  2 ice beasts (D:5)
  A meliai simulacrum (D:15)
  2 black bears
  23 orc warriors
  A sky beast (D:6)
  4 swamp drakes (Swamp:4)
  A necrophage (D:4)
  35 ogres
  4 wolves (Lair:2)
  10 centaurs
  2 phantoms
  14 bullfrogs
  2 gnoll sergeants
  3 scorpions
  3 killer bees (D:7)
  8 wights (D:9)
  8 howler monkeys
  3 electric eels
  A lava snake (D:14)
  A crimson imp (D:12)
  2 bullfrog zombies
  9 centaur zombies
  A centaur skeleton (D:5)
  5 hounds
  A jelly (D:7)
  11 orc priests
  6 iguanas
  29 orc wizards
  7 hell rats (Lair:3)
  3 hound skeletons (D:4)
  A mummy (D:11)
  A howler monkey skeleton (D:5)
  13 gnolls
  3 adders
  A white imp (D:7)
  A worm (D:2)
  11 dart slugs
  66 orcs
  6 endoplasms
  2 giant cockroaches (D:2)
  10 goblins
  8 hobgoblins
  20 jackals
  2 quokkas
  3 ball pythons
  5 bats
  A frilled lizard (D:2)
  5 kobolds
  5 rats
  A briar patch (Swamp:3)
802 creatures vanquished.

Vanquished Creatures (others)
  2 briar patches (Swamp:3)
  21 foxfires
  49 fungi
  76 plants
  4 starspawn tentacles (Abyss:3)
152 creatures vanquished.

Grand Total: 954 creatures vanquished

Notes
Turn   | Place    | Note
-------+----------+-------------------------------------------
     0 | D:1      | night the Octopode Venom Mage began the quest for the Orb.
     0 | D:1      | Reached XP level 1. HP: 11/11 MP: 3/3
   385 | D:1      | Reached XP level 2. HP: 17/17 MP: 1/5
  1020 | D:1      | Learned a level 2 spell: Poisonous Vapours
  1053 | D:1      | Identified a scroll of acquirement
  1053 | D:1      | Acquired a book of Flames
  1338 | D:2      | Reached XP level 3. HP: 21/21 MP: 6/6
  1494 | D:2      | Reached skill level 2 in Transmutations
  1811 | D:2      | Reached XP level 4. HP: 27/27 MP: 5/8
  2217 | D:2      | Found a faded altar of an unknown god.
  2286 | D:2      | Learned a level 3 spell: Ignite Poison
  2290 | D:2      | Learned a level 3 spell: Mephitic Cloud
  3043 | D:3      | Found a white marble altar of Elyvilon.
  3091 | D:3      | Found a basalt altar of Yredelemnul.
  3386 | D:3      | Reached skill level 5 in Poison Magic
  3386 | D:3      | Reached XP level 5. HP: 27/31 MP: 2/9
  3937 | D:4      | Noticed an ogre
  3973 | D:4      | Killed an ogre
  3974 | D:4      | Reached XP level 6. HP: 36/36 MP: 3/12
  4036 | D:4      | Acquired a +4 ring of evasion
  4038 | D:4      | Acquired a +2 hat of stealth
  4044 | D:4      | Acquired the +1 kite shield of Circular Logic {Int+9}
  4074 | D:4      | Noticed a necrophage
  4091 | D:4      | Killed a necrophage
  4092 | D:4      | Reached skill level 1 in Shields
  4533 | D:4      | Found a staircase to the Ecumenical Temple.
  4546 | D:4      | Reached skill level 2 in Shields
  4560 | Temple   | Entered the Ecumenical Temple
  4616 | Temple   | Became a worshipper of Gozag Ym Sagoz the Greedy
  4724 | D:4      | Reached XP level 7. HP: 19/41 MP: 8/13
  4925 | D:4      | Identified the Collected Works on Scorching Intoxication
  5306 | D:4      | Found a broken altar of Ashenzari.
  5582 | D:5      | Entered Level 5 of the Dungeon
  5992 | D:5      | Reached skill level 5 in Spellcasting
  6249 | D:5      | Reached XP level 8. HP: 39/46 MP: 1/15
  7714 | D:6      | Identified the +2 robe of Insatiable Hunger {+Inv rN+ Str+2
                  | Int-3}
  7730 | D:6      | Learned a level 4 spell: Olgreb's Toxic Radiance
  7818 | D:6      | Reached skill level 5 in Shields
  8306 | D:6      | Reached XP level 9. HP: 51/51 MP: 11/18
  8370 | D:6      | Found a radiant altar of Vehumet.
  9000 | D:7      | Noticed Joseph
  9008 | D:7      | HP: 7/51 [Joseph (11)]
  9009 | D:7      | Killed Joseph
  9670 | D:8      | Reached skill level 10 in Poison Magic
  9691 | D:8      | Reached XP level 10. HP: 56/56 MP: 5/21
  9934 | D:8      | Noticed Erica
  9935 | D:8      | Found a hide-covered altar of Uskayaw.
  9952 | D:8      | Killed Erica
 10796 | D:9      | Noticed night's ghost (journeyman DsIE)
 10800 | D:9      | Found a runed translucent door.
 10843 | D:9      | Noticed Harold
 10853 | D:9      | Killed Harold
 10874 | D:9      | Noticed a two-headed ogre
 10877 | D:9      | Killed a two-headed ogre
 11047 | D:9      | Noticed a purple ugly thing
 11073 | D:9      | Killed a purple ugly thing
 11159 | D:9      | Found Nenek's Jewellery Emporium.
 11163 | D:9      | Bought a ring of magical power for 300 gold pieces
 11539 | D:9      | Found Piary's Jewellery Emporium.
 11870 | D:9      | Reached XP level 11. HP: 27/59 MP: 24/24
 12318 | D:9      | Found Seupe's Book Boutique.
 12333 | D:9      | Learned a level 5 spell: Fireball
 12507 | D:10     | Entered Level 10 of the Dungeon
 12538 | D:10     | Noticed Fannar
 12570 | D:10     | Killed Fannar
 12571 | D:10     | Reached skill level 1 in Fighting
 12571 | D:10     | Reached skill level 1 in Maces & Flails
 12571 | D:10     | Reached skill level 1 in Fire Magic
 13045 | D:10     | Reached skill level 2 in Fighting
 13045 | D:10     | Reached skill level 2 in Maces & Flails
 13045 | D:10     | Reached skill level 2 in Fire Magic
 13309 | D:10     | Found a staircase to the Orcish Mines.
 13816 | D:10     | Noticed Urug
 13817 | D:10     | Killed Urug
 13827 | D:10     | Reached skill level 3 in Fire Magic
 13874 | D:10     | Found a staircase to the Lair.
 14030 | D:10     | Found a blossoming altar of Fedhas.
 14163 | D:10     | Noticed Erolcha
 14168 | D:10     | Killed Erolcha
 14543 | Lair:1   | Entered Level 1 of the Lair of Beasts
 14543 | Lair:1   | Noticed a six-headed hydra
 14546 | Lair:1   | Gained mutation: You possess an exceptional clarity of
                  | mind. [potion of mutation]
 14555 | Lair:1   | Killed a six-headed hydra
 14608 | Lair:1   | Noticed a four-headed hydra
 14622 | Lair:1   | Killed a four-headed hydra
 14623 | Lair:1   | Reached skill level 4 in Fire Magic
 14623 | Lair:1   | Reached XP level 12. HP: 19/74 MP: 25/25
 14965 | Lair:1   | Reached skill level 10 in Spellcasting
 15321 | Lair:1   | Noticed a six-headed hydra
 15354 | Lair:1   | Killed a six-headed hydra
 15957 | Lair:1   | Reached skill level 5 in Fighting
 15957 | Lair:1   | Reached skill level 5 in Maces & Flails
 15957 | Lair:1   | Reached skill level 5 in Fire Magic
 16210 | Lair:1   | Reached skill level 1 in Conjurations
 16890 | Lair:2   | Reached skill level 2 in Conjurations
 17368 | Lair:2   | Noticed a five-headed hydra
 17387 | Lair:2   | Killed a five-headed hydra
 17658 | Lair:2   | Noticed a four-headed hydra
 17666 | Lair:2   | Killed a four-headed hydra
 17667 | Lair:2   | Reached skill level 6 in Fire Magic
 18693 | Lair:3   | Reached XP level 13. HP: 83/83 MP: 27/27
 19444 | Lair:3   | Found a transporter.
 19451 | Lair:3   | Found a bloodstained altar of Trog.
 19451 | Lair:3   | Noticed ipx's ghost (journeyman DEFE)
 19469 | Lair:3   | Found a transporter.
 19493 | Lair:3   | Identified the +2 falchion of the Globe {holy, rCorr Str+4
                  | Stlth+}
 20662 | Lair:4   | Found a staircase to the Swamp.
 20668 | Lair:4   | Reached skill level 7 in Fire Magic
 20944 | Lair:4   | Found a staircase to the Snake Pit.
 21647 | Lair:4   | Reached skill level 5 in Conjurations
 22057 | Lair:4   | Reached skill level 10 in Shields
 22545 | Lair:5   | You fall into a shaft and drop 1 floor!
 22545 | Lair:6   | Entered Level 6 of the Lair of Beasts
 23236 | Lair:5   | Reached skill level 8 in Fire Magic
 23236 | Lair:5   | Reached XP level 14. HP: 90/93 MP: 22/29
 23988 | Lair:6   | Found a runed translucent gate.
 23988 | Lair:6   | Found a runed translucent gate.
 23988 | Lair:6   | Found a runed translucent gate.
 23989 | Lair:6   | Noticed Rayvis's ghost (journeyman MiFi)
 24629 | Lair:6   | Found a runed translucent door.
 24629 | Lair:6   | Found a viscous altar of Jiyva.
 24630 | Lair:6   | Noticed an acid blob
 24999 | Lair:6   | Reached skill level 5 in Dodging
 25724 | Lair:6   | Found a staircase to the Slime Pits.
 25936 | D:11     | Learned a level 8 spell: Ignition
 26017 | D:11     | Found a snail-covered altar of Cheibriados.
 26145 | D:11     | Reached skill level 12 in Spellcasting
 26337 | D:11     | Reached skill level 9 in Fire Magic
 26457 | D:11     | Noticed sanka's ghost (journeyman OpMo)
 26471 | D:11     | Found a transporter.
 26491 | D:11     | Found a transporter.
 27925 | D:12     | Reached XP level 15. HP: 92/101 MP: 31/31
 30278 | D:14     | Noticed Agnes
 30279 | D:14     | Found a flickering gateway to a bazaar.
 30283 | D:14     | Killed Agnes
 30314 | Bazaar   | Entered a bazaar
 30424 | Bazaar   | Found Hemaxo's Antique Armour Emporium.
 30457 | Bazaar   | Found Ziexyor's Assorted Antiques.
 30476 | Bazaar   | Found Patsal's Assorted Antiques.
 30544 | Bazaar   | Found Beat's Antique Weapon Shoppe.
 30582 | Bazaar   | Bought a leatherbound book for 375 gold pieces
 30582 | Bazaar   | Bought a metal-bound book for 375 gold pieces
 30582 | Bazaar   | Bought a papyrus book for 375 gold pieces
 30600 | Bazaar   | Bought a scratched diamond ring for 145 gold pieces
 30612 | Bazaar   | Learned a level 6 spell: Statue Form
 30740 | D:14     | Noticed Roxanne
 30754 | D:14     | Noticed Jorgrun
 31032 | D:14     | Killed Jorgrun
 31033 | D:14     | Reached skill level 10 in Fire Magic
 31229 | D:14     | Found a gate to the Vaults.
 31232 | D:14     | Cast into level 3 of the Abyss (a wizard)
 31234 | Abyss:3  | Found a radiant altar of Vehumet.
 31260 | Abyss:3  | Noticed a tentacled starspawn
 31309 | D:14     | Escaped the Abyss
 31346 | D:14     | Acquired the Collected Works on Confrontation and Moulding
 32112 | D:14     | Found Qelos's Magic Scroll Emporium.
 32137 | D:14     | Bought a scroll of brand weapon for 340 gold pieces
 32181 | D:14     | Found Vufem's Magic Scroll Shoppe.
 32184 | D:14     | Bought a scroll of summoning for 133 gold pieces
 33021 | D:14     | Found a hide-covered altar of Uskayaw.
 33052 | D:14     | Found a runed translucent door.
 33320 | D:15     | Entered Level 15 of the Dungeon
 33344 | D:15     | Found a staircase to the Depths.
 33344 | D:15     | Noticed a fire giant
 33486 | D:15     | Killed a fire giant
 33710 | D:15     | Found Deomuom's General Store.
 33717 | D:15     | Reached skill level 11 in Fire Magic
 33885 | D:15     | Reached skill level 10 in Fighting
 33897 | D:15     | Reached XP level 16. HP: 109/109 MP: 24/32
 33899 | D:15     | Reached skill level 12 in Shields
 34146 | D:15     | Noticed a tentacled monstrosity
 34146 | D:15     | Noticed Lautuvuj's ghost (journeyman DrBe)
 34361 | D:15     | Noticed Nessos
 34365 | D:15     | Killed Nessos
 34582 | D:15     | Found Ovudy's Antique Weapon Emporium.
 34613 | D:15     | Found a transporter.
 35266 | D:15     | Killed a tentacled monstrosity
 35920 | D:15     | Found a one-way gate to the infinite horrors of the Abyss.
 35928 | D:15     | Found a transporter.
 36256 | D:15     | Identified the ring of Conversion {*Slow rF++ rC+ rCorr
                  | Int+5}
 36616 | Orc:1    | Entered Level 1 of the Orcish Mines
 36992 | Orc:1    | Noticed Vicheoji's ghost (journeyman DjVM)
 36993 | Orc:1    | Found a transporter.
 36995 | Orc:1    | Identified the +8 dire flail of Jusmet {elec, *Slow rC-
                  | Will+++ rCorr Int+6}
 36997 | Orc:1    | Found a transporter.
 37209 | Orc:2    | Entered Level 2 of the Orcish Mines
 37209 | Orc:2    | Found a staircase to the Elven Halls.
 37221 | Orc:2    | Reached skill level 12 in Fire Magic
 37221 | Orc:2    | Noticed Maurice
 37227 | Orc:2    | Killed Maurice
 37581 | Orc:1    | Reached skill level 5 in Transmutations
 37796 | Orc:1    | Noticed Gastronok
 37803 | Orc:1    | Killed Gastronok
 38484 | Orc:2    | Found Ulyss's Antique Weapon Emporium.
 38484 | Orc:2    | Found Dixad's Antique Armour Shop.
 38499 | Orc:2    | Found Enloj's Distillery.
 38499 | Orc:2    | Found Xydiewk's Antique Armour Emporium.
 38601 | Orc:2    | Found Qulala's Jewellery Boutique.
 38984 | Orc:2    | Bought the +8 demon trident "Rift" {distort, reach+} for
                  | 2281 gold pieces
 38984 | Orc:2    | Found the +8 demon trident "Rift" {distort, reach+}
 39163 | Swamp:1  | Entered Level 1 of the Swamp
 39185 | Swamp:1  | Reached XP level 17. HP: 117/117 MP: 34/34
 39370 | Swamp:1  | Reached skill level 1 in Polearms
 39824 | Swamp:1  | Reached skill level 13 in Fire Magic
 40471 | Swamp:2  | Reached skill level 2 in Polearms
 41745 | Swamp:3  | HP: 13/117 [swamp worm/harpoon shot (20)]
 42072 | Swamp:3  | Noticed Mara
 42347 | Swamp:2  | HP: 17/117 [six-headed hydra[a spriggan druid] (2)]
 42347 | Swamp:2  | HP: 3/117 [six-headed hydra[a spriggan druid] (14)]
 42904 | Swamp:3  | Noticed night's illusion
 43016 | Swamp:2  | HP: 17/117 [poisoned by a hornet]
 43021 | Swamp:2  | HP: 13/117 [poisoned by a hornet]
 43526 | Swamp:3  | Killed Mara
 43674 | Swamp:3  | HP: 10/117 [spriggan air mage/the air (28)]
 44255 | Swamp:4  | Entered Level 4 of the Swamp
 45067 | Swamp:4  | Reached skill level 14 in Fire Magic
 45067 | Swamp:4  | Reached XP level 18. HP: 35/125 MP: 24/35
 46454 | Swamp:4  | Reached skill level 5 in Polearms
 46559 | Swamp:4  | Reached skill level 12 in Fighting
 46566 | Swamp:4  | HP: 17/126 [poisoned by a swamp dragon (poison gas)]
 46567 | Swamp:4  | Succumbed to a swamp dragon's poison gas

Illustrated notes

Levels and vault maps discovered:
D:1:      nzn_arrival_settlement, layout_basic
D:2:      layout_rooms, shapermc_ecumenical_altar_venn
D:3:      layout_loops_cross, lemuel_crystal_altar, yredelemnul_altar_generic
D:4:      layout_layer_cave, lemuel_tele_altar, minmay_temple_entry_mini_moons
D:5:      layout_rooms
D:6:      kennysheep_slugbush, layout_cave_pools, vehumet_crystals
D:7:      layout_rooms, uniq_joseph
D:8:      layout_basic, amcnicky_altar_gilded, chequers_garden,
          grunt_ministairs_1, uniq_erica
D:9:      layout_roguey, hellmonk_ghost_happy_afterlife, serial_shops, shop,
          nicolae_lakefront_shop, nicolae_shop_behind_doors, uniq_harold
D:10:     layout_roguey, nicolae_overflow_hidden_temple,
          due_lair_maze_entry_diamond, erik_orc_3, uniq_urug, uniq_erolcha,
          uniq_fannar
D:11:     layout_basic, gammafunk_ghost_berserking_beasts, slow_altar_1
D:12:     layout_irregular_city, lightli_wizard_tower
D:13:     layout_loops_corners, portal_ice_cave_entry_pillars_2,
          lemuel_nasty_fountain
D:14:     gammafunk_mikee_crab_dinner, layout_basic, grunt_vaults_entry_tiered,
          serial_corexii_hall, chequers_hall_statues_y, chequers_hall_statues_y,
          nicolae_uskayaw_suspiria, serial_shops, bzr_in_the_mist,
          nicolae_shop_behind_doors, kennysheep_mini, uniq_agnes, uniq_roxanne,
          uniq_jorgrun
D:15:     grunt_enter_depths_giant_problem, layout_basic, serial_shops, shop,
          shop_fountains, gammafunk_ghost_abyssal_escape,
          hangedman_decor_opposing, hangedman_decor_slide_cut, uniq_nessos
Temple:   nicolae_temple_x_marks_the_god
Lair:1:   layout_cave_pods, st_stairs_9
Lair:2:   layout_layer_cave, serial_bayou_shore_b, grunt_megastairs_1,
          lemuel_fruit_tree
Lair:3:   layout_loops_ring, gammafunk_ghost_wrathful_warriors, serial_forest,
          infiniplex_forest_clump_diagonal, infiniplex_forest_clump_curved,
          infiniplex_forest_pool, infiniplex_forest_clump_small,
          infiniplex_forest_clump_tiny, minivault_24, serial_bayou_shore_b
Lair:4:   layout_regular_city, skrybe_swamp_entry_bodies,
          minmay_snake_entry_guardpost_small, infiniplex_staircase_pool_2
Lair:5:   layout_roguey, patterned_corridor, serial_bayou_shore_a
Lair:6:   evilmike_catoblepas_cave, layout_long_grid, slime_altar_2,
          gammafunk_ghost_necromancy
Swamp:1:  layout_basic_swamp, serial_swamp_ruin, evilmike_swamp_ruin_house_2,
          evilmike_swamp_ruin_house_1, evilmike_swamp_ruin_rubble_1,
          grunt_lady_of_the_lake
Swamp:2:  layout_basic_swamp, hangedman_swamp_lotus
Swamp:3:  layout_falls_marsh, hangedman_swamp_ruin_wall, swamp_pool4,
          infiniplex_staircase_pool, uniq_mara
Swamp:4:  swamp_basic_johnstein, layout_basic_swamp
Orc:1:    layout_diamond_mine, gammafunk_ghost_smash, hangedman_feature_mirror,
          uniq_gastronok
Orc:2:    st_orc_ogre_mass, layout_caves, serial_shops, shop, basic_altar,
          uniq_maurice

Skill      XL: |  1  2  3  4  5  6  7  8  9 10 11 12 13 14 15 16 17 18 |
---------------+-------------------------------------------------------+-----
Poison Magic   | 4 5 6 7 8 10 11 | 11.8
Transmutations | 2 3 5 7 8 |  8.0
Spellcasting   | 3 4 5 6 7 9 10 11 12 13 | 13.9
Shields        | 2 3 5 7 8 9 10 11 12 13 | 13.5
Fighting       | 4 6 7 9 10 11 12 | 12.0
Maces & Flails | 4 6 7 9 |  9.3
Fire Magic     | 4 6 8 9 11 12 14 | 14.3
Conjurations   | 3 5 |  5.0
Dodging        | 3 5 6 |  6.2
Polearms       | 4 5 |  5.0
Stealth        | |  2.6

Action                   |  1- 3 |  4- 6 |  7- 9 | 10-12 | 13-15 | 16-18 || total
-------------------------+-------+-------+-------+-------+-------+-------++-------
Melee: Unarmed           |     8 |       |       |       |       |       ||     8
       Constrict         |     8 |    24 |    17 |    21 |    26 |    13 ||   109
       Tentacles         |     4 |     9 |    24 |    51 |    62 |    28 ||   178
       Dagger            |    17 |    10 |       |     7 |       |       ||    34
       Whip              |    15 |    91 |    89 |   191 |   239 |    69 ||   694
       Demon trident     |       |       |       |       |       |   113 ||   113
Throw: Stone             |       |     1 |       |       |       |       ||     1
       Dart              |       |       |       |     3 |     4 |     1 ||     8
 Cast: Sting             |    17 |    17 |    40 |    85 |    76 |    13 ||   248
       Poisonous Vapours |     5 |    32 |    65 |    41 |   100 |    84 ||   327
       Ignite Poison     |       |     1 |    23 |    59 |   144 |   101 ||   328
       Mephitic Cloud    |       |       |     2 |    10 |       |       ||    12
       Olgreb's Toxic Ra |       |       |    11 |    21 |    50 |    31 ||   113
       Fireball          |       |       |       |       |    50 |   154 ||   204
       Ignition          |       |       |       |       |       |    12 ||    12
       Statue Form       |       |       |       |       |       |     7 ||     7
Invok: Potion Petition   |       |       |     1 |     1 |     1 |     2 ||     5
       Call Merchant     |       |       |       |       |       |     2 ||     2
Evoke: Wand              |       |       |     3 |       |     2 |       ||     5
       Lightning rod     |       |       |       |       |     2 |       ||     2
  Use: Scroll            |     4 |     7 |     7 |     2 |     7 |     3 ||    30
       Potion            |       |       |       |     6 |     1 |     2 ||     9
 Stab: Sleeping          |     7 |     3 |     2 |    10 |     6 |     1 ||    29
       Distracted        |       |       |     1 |     1 |     1 |     2 ||     5
Armor: Skin              |     6 |    11 |    15 |    39 |    20 |    62 ||   153
Dodge: Dodged            |    33 |    74 |    77 |   148 |   164 |   156 ||   652
Block: Kite shield       |       |    15 |    31 |   150 |   186 |   130 ||   512

Table legend: (Time is in decaauts)
 A = Elapsed time spent in this place.
 B = Non-inter-level travel time spent in this place.
 C = Inter-level travel time spent in this place.
 D = Time resting spent in this place.
 E = Time spent auto-exploring this place.
 F = Levels seen in this place.
 G = Mean time per level.
                   A        B        C        D        E       F      G
               +--------+--------+--------+--------+--------+-----+--------+
         Total |  46840 |  45311 |   1529 |  13484 |  25268 |  30 | 1561.3 |
       Dungeon |  24816 |  23992 |    824 |   6190 |  14143 |  15 | 1654.4 |
        Temple |     66 |     57 |      9 |      0 |     42 |   1 |   66.0 |
          Lair |  11467 |  11076 |    391 |   2652 |   7067 |   6 | 1911.2 |
         Swamp |   7659 |   7471 |    188 |   4071 |   2493 |   4 | 1914.8 |
  Orcish Mines |   2413 |   2298 |    115 |    571 |   1286 |   2 | 1206.5 |
         Abyss |     76 |     76 |      0 |      0 |      0 |   1 |   76.0 |
        Bazaar |    340 |    340 |      0 |      0 |    237 |   1 |  340.0 |
               +--------+--------+--------+--------+--------+-----+--------+

Top non-repeatable levels by time:
    D:15: 3033 daAuts
 Swamp:2: 2727 daAuts
    D:14: 2527 daAuts
    D:10: 2499 daAuts
  Lair:1: 2314 daAuts
  Lair:6: 2313 daAuts
  Lair:2: 1942 daAuts
     D:9: 1882 daAuts
     D:4: 1881 daAuts
  Lair:3: 1848 daAuts
  Lair:4: 1843 daAuts
 Swamp:4: 1809 daAuts
 Swamp:3: 1678 daAuts
     D:6: 1621 daAuts
    D:13: 1607 daAuts
